 Dungeon Crawl Stone Soup version 0.29-a0-575-g0dc89cf053 (webtiles) character file.

Game seed: 12424243281340355971

4961 bande the Cleaver (level 10, 0/60 HPs)
             Began as a Gargoyle Fighter on June 12, 2022.
             Was an Elder of Okawaru.
             Slain by a troll (4 damage)
             ... on level 9 of the Dungeon.
             The game lasted 00:17:35 (10535 turns).

bande the Cleaver (Gargoyle Fighter)               Turns: 10535, Time: 00:17:35

Health: 0/60       AC: 25    Str: 20    XL:     10   Next: 53%
Magic:  14/14      EV: 10    Int:  9    God:    Okawaru [****..]
Gold:   653        SH:  7    Dex: 15    Spells: 9/9 levels left

rFire   . . .      SeeInvis .   a - +1 war axe
rCold   . . .      Faith    .   c - +1 buckler
rNeg    + . .      Spirit   .   w - +0 plate armour
rPois   ∞          Reflect  .   o - +2 hat
rElec   +          Harm     .   (no cloak)
rCorr   .          Rampage  .   (no gloves)
Will    .....                   y - +0 pair of boots
Stlth   ..........              z - amulet of regeneration
HPRegen 1.00/turn               p - +4 ring of evasion
MPRegen 0.14/turn               (no ring)

@: no status effects
A: sickness immunity, AC +7, negative energy resistance 1, electricity
resistance, torment resistance 1, petrification resistance, iridescent scales 1,
agile 1, MP-powered wands
a: Renounce Religion, Heroism, Finesse


You were on level 9 of the Dungeon.
You worshipped Okawaru.
Okawaru was greatly pleased with you.
You visited 2 branches of the dungeon, and saw 10 of its levels.

You collected 1065 gold pieces.
You spent 412 gold pieces at shops.

Inventory:

Hand Weapons
 a - a +1 war axe (weapon)
 m - a +8 mace of holy wrath
Armour
 c - a +1 buckler (worn)
 e - a +0 helmet
 n - the +1 scale mail "Riaraxor" {rC+ Str+6}
   (You bought it in a shop on level 2 of the Dungeon)

   Str:       It affects your strength (+6).
   rC:        It protects you from cold.
 o - a +2 hat (worn)
 w - a +0 plate armour (worn)
 y - a +0 pair of boots (worn)
Jewellery
 f - an amulet of reflection
 p - a +4 ring of evasion (left hand)
 z - an amulet of regeneration (around neck)
Wands
 r - a wand of mindburst (12)
 t - a wand of acid (20)
Scrolls
 h - a scroll of fear
 j - a scroll of enchant armour
 q - 2 scrolls of fog
 u - a scroll of enchant weapon
 v - 4 scrolls of teleportation
 A - a scroll of identify
Potions
 b - 9 potions of curing
 d - 2 potions of might
 g - 2 potions of flight
 i - a potion of mutation
 k - 4 potions of heal wounds
 l - 2 potions of berserk rage
 s - 2 potions of invisibility
 x - a potion of brilliance {unknown}
 B - a potion of resistance {unknown}


   Skills:
 + Level 6.2 Fighting
 + Level 8.6 Axes
 + Level 6.7 Armour
 + Level 6.9 Shields
 * Level 6.1 Invocations
 * Level 4.9 Evocations


You had 9 spell levels left.
You didn't know any spells.
Your spell library contained the following spells:

 Spells                   Type           Power      Damage    Failure   Level
 Magic Dart               Conj           0%         1d3       100%        1
 Necrotize                Necr           0%         1d4       100%        1
 Sandblast                Erth           0%         2d4       100%        1
 Sting                    Tmut/Pois      0%         1d3       100%        1
 Blink                    Tloc           0%         N/A       100%        2
 Passwall                 Tmut/Erth      0%         N/A       100%        2
 Poisonous Vapours        Pois/Air       0%         N/A       100%        2
 Searing Ray              Conj           0%         2d4       100%        2
 Lesser Beckoning         Tloc           0%         N/A       100%        3
 Stone Arrow              Conj/Erth      0%         3d7       100%        3
 Vampiric Draining        Necr           0%         2d6       100%        3
 Fulminant Prism          Conj/Hex       0%         3d6       100%        4
 Olgreb's Toxic Radiance  Pois           0%         N/A       100%        4
 Passage of Golubria      Tloc           0%         N/A       100%        4
 Agony                    Necr           0%         N/A       100%        5
 Manifold Assault         Tloc           0%         N/A       100%        5
 Yara's Violent Unravell  Hex/Tmut       0%         3d3       100%        5
 Tukima's Dance           Hex            Unusable   N/A       N/A         3

Dungeon Overview and Level Annotations

Branches:
Dungeon (9/15)             Temple (1/1) D:4
   Lair: D:8-11         Orc: D:9-12

Altars:
Ashenzari
Cheibriados
Dithmenos
Elyvilon
Fedhas
Gozag
Kikubaaqudgha
Makhleb
Nemelex Xobeh
Okawaru
Qazlal
Ru
Sif Muna
Trog
Uskayaw
Vehumet
Wu Jian
Xom
Yredelemnul
Zin
The Shining One

Shops:
D:2 ![   D:5 ?

Annotations:
D:9 Grum


Innate Abilities, Weirdness & Mutations

You are immune to sickness and miasma.
Your stone body is resilient. (AC +7)
You are immune to poison.
You resist negative energy. (rN+)
You are resistant to electric shocks. (rElec)
You are resistant to unholy torment.
You are immune to petrification.
You are partially covered in iridescent scales. (AC +2)
You are agile. (Dex +2)
You expend magic power (3 MP) to strengthen your wands.


Message History

The wolf bites you but does no damage. The wolf closely misses you.
The troll completely misses you. You block the troll's attack.
The troll claws you but does no damage. Grum hits you but does no damage.
Unknown command.
You miss the wolf.
The wolf is lightly wounded.
You hit the wolf.
You kill the wolf!
Okawaru accepts your kill.
You closely miss the troll. The wolf barely misses you.
The troll completely misses you. You block the troll's attack.
The troll closely misses you. You block the wolf's attack.
Grum closely misses you. You block the troll's attack.
The troll claws you but does no damage. x2
You closely miss the wolf.
The wolf is lightly wounded.
You hit the troll but do no damage. The wolf bites you but does no damage.
You block the wolf's attack. You block Grum's attack.
The troll bites you but does no damage. The troll completely misses you.
The troll misses you.
You closely miss the wolf. You hit the troll but do no damage.
The wolf bites you but does no damage. The wolf closely misses you.
Grum hits you from afar with a -1 glaive of flaming.
Grum burns you. The troll bites you.
The troll claws you but does no damage. x2
You slash the wolf!
The wolf is moderately wounded.
You slash the troll! The wolf bites you but does no damage.
Grum hits you from afar with a -1 glaive of flaming!
Grum burns you. The wolf bites you but does no damage.
The troll bites you but does no damage. You block the troll's attack.
The troll closely misses you.
You hit the wolf.
The wolf is heavily wounded.
You barely miss the troll. You block the wolf's attack.
Grum hits you from afar with a -1 glaive of flaming!
* * * LOW HITPOINT WARNING * * *
Grum burns you!
* * * LOW HITPOINT WARNING * * *
The troll bites you.
You die...

#..# #.## #....≈≈
#.# .....S. #.#
#..≈.. #.# ##+#....
####'## #.....#
......### #..?g.+
#####.'.#####.)†h†#
..#...#.....#..†@.#
#.#.#>#####.#..T..#
#...#.# #.'.....#
####### ###(....#
#######


You could see Grum, a troll and a wolf.

Vanquished Creatures
  A two-headed ogre (D:8)
  Joseph (D:9)
  A troll (D:8)
  5 yaks (D:8)
  A steam dragon (D:7)
  An ice beast (D:8)
  A sky beast (D:7)
  An orc warrior (D:8)
  4 wolves (D:9)
  3 centaurs
  An ogre (D:5)
  A phantom (D:4)
  A kobold brigand (D:8)
  A necrophage (D:8)
  A gnoll sergeant (D:8)
  3 scorpions
  7 wights
  5 killer bees (D:8)
  4 howler monkeys (D:6)
  4 jellies
  A gnoll shaman (D:6)
  5 hounds
  2 orc priests (D:4)
  3 iguanas
  5 orc wizards
  Natasha (thrice) (D:3)
  Robin (D:3)
  12 gnolls
  4 adders
  An ufetubus (D:4)
  2 dart slugs (D:1)
  17 orcs
  7 ball pythons
  8 endoplasms
  2 giant cockroaches
  14 goblins
  13 hobgoblins
  5 jackals
  4 quokkas
  9 bats
  4 frilled lizards (D:1)
  13 kobolds
  4 rats
186 creatures vanquished.

Vanquished Creatures (others)
  A kobold (D:4)
  2 plants (D:3)
3 creatures vanquished.

Grand Total: 189 creatures vanquished

Notes
Turn   | Place    | Note
-------+----------+-------------------------------------------
     0 | D:1      | bande the Gargoyle Fighter began the quest for the Orb.
     0 | D:1      | Reached XP level 1. HP: 14/14 MP: 1/1
    10 | D:1      | Found a faded altar of an unknown god.
    22 | D:1      | Reached XP level 2. HP: 19/19 MP: 2/2
   149 | D:1      | Reached skill level 2 in Axes
   226 | D:1      | Reached XP level 3. HP: 21/23 MP: 3/3
   332 | D:1      | Identified a scroll of acquirement
   332 | D:1      | Acquired 675 gold pieces
   725 | D:2      | Found a blossoming altar of Fedhas.
   726 | D:2      | Gained mutation: You are agile. (Dex +2) [potion of
                  | mutation]
   726 | D:2      | Gained mutation: You are partially covered in iridescent
                  | scales. (AC +2) [potion of mutation]
   726 | D:2      | Gained mutation: You expend magic power (3 MP) to
                  | strengthen your wands. [potion of mutation]
  1397 | D:2      | Found Pojiung's Distillery.
  1406 | D:2      | Bought a potion of heal wounds for 50 gold pieces
  1406 | D:2      | Bought a potion of degeneration for 10 gold pieces
  1436 | D:2      | Found Xubrutz's Antique Armour Shoppe.
  1444 | D:2      | Bought an opal-encrusted scale mail for 198 gold pieces
  1444 | D:2      | Identified the +1 scale mail "Riaraxor" {rC+ Str+6} (You
                  | bought it in a shop on level 2 of the Dungeon)
  1444 | D:2      | Bought an embroidered hat for 154 gold pieces
  2244 | D:3      | Noticed Natasha
  2252 | D:3      | Killed Natasha
  2253 | D:3      | Reached skill level 3 in Axes
  2253 | D:3      | Reached XP level 4. HP: 20/29 MP: 4/4
  2556 | D:3      | Noticed Natasha
  2559 | D:3      | Found a glowing golden altar of the Shining One.
  2561 | D:3      | Killed Natasha
  2720 | D:3      | Noticed Robin
  2733 | D:3      | Reached XP level 5. HP: 26/33 MP: 5/5
  2737 | D:3      | Killed Robin
  2994 | D:3      | Noticed Natasha
  3007 | D:3      | Killed Natasha
  3601 | D:4      | Found a staircase to the Ecumenical Temple.
  3624 | Temple   | Entered the Ecumenical Temple
  3831 | Temple   | Became a worshipper of Warmaster Okawaru
  4019 | D:4      | Reached XP level 6. HP: 32/38 MP: 6/6
  4024 | D:4      | Reached skill level 4 in Axes
  4129 | D:4      | Reached skill level 1 in Invocations
  4602 | D:5      | Entered Level 5 of the Dungeon
  4607 | D:5      | Reached skill level 1 in Evocations
  4607 | D:5      | Reached XP level 7. HP: 43/44 MP: 8/8
  4608 | D:5      | Reached * piety under Okawaru
  4755 | D:5      | Found Otojett's Magic Scroll Shoppe.
  5305 | D:6      | Reached skill level 5 in Axes
  5518 | D:6      | Found a basalt altar of Yredelemnul.
  5878 | D:6      | Reached XP level 8. HP: 36/48 MP: 8/10
  6323 | D:7      | Found a shimmering blue altar of Sif Muna.
  6446 | D:7      | Reached skill level 5 in Shields
  6447 | D:7      | Reached ** piety under Okawaru
  6453 | D:7      | Reached skill level 5 in Armour
  6759 | D:7      | Reached skill level 6 in Axes
  6970 | D:6      | Reached skill level 5 in Fighting
  7634 | D:7      | Reached XP level 9. HP: 52/54 MP: 12/12
  7914 | D:7      | Found a burning altar of Makhleb.
  8481 | D:8      | Noticed a troll
  8498 | D:8      | Killed a troll
  8498 | D:8      | Reached *** piety under Okawaru
  8499 | D:8      | Reached skill level 7 in Axes
  9173 | D:8      | Received a gift from Okawaru
  9544 | D:8      | Reached skill level 5 in Invocations
  9555 | D:8      | Reached **** piety under Okawaru
  9556 | D:8      | Reached XP level 10. HP: 32/60 MP: 12/14
  9558 | D:8      | Reached skill level 8 in Axes
  9847 | D:8      | Noticed a two-headed ogre
  9859 | D:8      | Killed a two-headed ogre
 10358 | D:9      | Found a hide-covered altar of Uskayaw.
 10498 | D:9      | Noticed Joseph
 10514 | D:9      | Killed Joseph
 10516 | D:9      | Noticed Grum
 10535 | D:9      | Slain by a troll

Illustrated notes

Levels and vault maps discovered:
D:1:      grunt_arrival_lava_bath, layout_rooms,
          hellmonk_ecumenical_altar_run_dry
D:2:      layout_loops_corners, serial_shops, shop, shop_statue, basic_altar,
          grunt_ministairs_11
D:3:      layout_basic, tso_oasis_becter, uniq_natasha, uniq_robin
D:4:      layout_basic, minmay_temple_entry_arrows, corexii_hall_statues_i
D:5:      layout_loops_ring, serial_shops, nicolae_square_shop
D:6:      layout_cave_pods, lemuel_crystal_altar
D:7:      layout_loops_ring, lemuel_tele_altar, led_sif_pool,
          nicolae_concentric_dashed_squares_mild, st_stairs_14
D:8:      layout_gridville
D:9:      layout_roguey, nzn_hepliaklqana_mist_gate,
          nicolae_uskayaw_murder_on_the_dancefloor, erik_lair_island,
          enter_bailey_4, kennysheep_path_1, uniq_grum, uniq_amaemon,
          uniq_erolcha, uniq_joseph
Temple:   eino_temple_rhombus

Skill      XL: |  1  2  3  4  5  6  7  8  9 10 |
---------------+-------------------------------+-----
Axes           | 2 3 4 5 6 7 8 |  8.6
Armour         | 4 5 6 |  6.7
Fighting       | 4 5 6 |  6.2
Shields        | 4 5 6 |  6.9
Invocations    | 1 2 4 5 6 |  6.1
Evocations     | 1 2 3 4 |  4.9

Action                   |  1- 3 |  4- 6 |  7- 9 | 10-12 || total
-------------------------+-------+-------+-------+-------++-------
Melee: War axe           |    96 |   133 |   324 |    47 ||   600
  Use: Scroll            |     7 |     3 |    10 |       ||    20
       Potion            |     1 |       |     2 |       ||     3
Armor: Scale mail        |    53 |    56 |    14 |       ||   123
       Plate armour      |       |       |   243 |    61 ||   304
Dodge: Dodged            |    52 |    66 |   170 |    53 ||   341
Block: Buckler           |    43 |    76 |   233 |    37 ||   389
       Reflection        |       |     1 |     5 |       ||     6

Table legend: (Time is in decaauts)
 A = Elapsed time spent in this place.
 B = Non-inter-level travel time spent in this place.
 C = Inter-level travel time spent in this place.
 D = Time resting spent in this place.
 E = Time spent auto-exploring this place.
 F = Levels seen in this place.
 G = Mean time per level.
                   A        B        C        D        E       F      G
               +--------+--------+--------+--------+--------+-----+--------+
         Total |  10709 |  10404 |    305 |   3119 |   5346 |  10 | 1070.9 |
       Dungeon |  10485 |  10195 |    290 |   3119 |   5155 |   9 | 1165.0 |
        Temple |    223 |    208 |     15 |      0 |    191 |   1 |  223.0 |
               +--------+--------+--------+--------+--------+-----+--------+

Top non-repeatable levels by time:
     D:6: 2044 daAuts
     D:8: 1938 daAuts
     D:3: 1509 daAuts
     D:2: 1429 daAuts
     D:7: 1136 daAuts
     D:4: 820 daAuts
     D:5: 705 daAuts
     D:1: 703 daAuts
  Temple: 223 daAuts
     D:9: 198 daAuts
